 Dungeon Crawl Stone Soup version 0.21-a0 (webtiles) character file.

20120 DevlanMud the Spear-Bearer (level 12, -32/137 HPs)
             Began as an Ogre Gladiator on May 19, 2017.
             Was an Elder of Yredelemnul.
             Killed from afar by a salamander mystic (34 damage)
             ... with a bolt of magma
             ... in a volcano.
             The game lasted 00:36:32 (13420 turns).

DevlanMud the Spear-Bearer (Ogre Gladiator)        Turns: 13420, Time: 00:36:33

Health: -32/137    AC: 15    Str: 29    XL:     12   Next: 76%
Magic:  19/19      EV: 16    Int:  7    God:    Yredelemnul [****..]
Gold:   849        SH:  0    Dex: 18    Spells: 11/11 levels left

rFire    . . .     SeeInvis .   a - +10 halberd of Xom {flame, Str+5}
rCold    . . .     Gourm    .   (shield currently unavailable)
rNeg     . . .     Faith    +   I - +0 troll leather armour
rPois    +         Spirit   .   c - +1 hat
rElec    .         Reflect  .   H - +0 cloak
rCorr    .         Harm     .   (gloves unavailable)
MR       ++...                  (boots unavailable)
Stlth    ++........             S - amulet of faith
Regen    0.8/turn               T - ring of protection from magic
MPRegen  0.2/turn               A - +4 ring of protection

@: agile
A: unfitting armour, hooves 1, molten scales 1, thin metallic scales 1, dopey 1,
poison resistance, strong 1, tough skin 1
a: Recall Undead Slaves, Injury Mirror, Animate Dead, Drain Life, Renounce
Religion


You were in a volcano.
You worshipped Yredelemnul.
Yredelemnul was greatly pleased with you.
You were not hungry.

You visited 4 branches of the dungeon, and saw 15 of its levels.
You also visited: Volcano.

You collected 914 gold pieces.
You spent 65 gold pieces at shops.

Inventory:

Hand Weapons
 a - the +10 halberd of Xom (weapon) {flame, Str+5}
   (You found it on level 3 of the Dungeon)

   It has been specially enchanted to burn those struck by it, causing extra
   injury to most foes and up to half again as much damage against particularly
   susceptible opponents.
   Big, fiery blades are also staple armaments of hydra-hunters.
   It affects your strength (+5).
Missiles
 d - 5 throwing nets
 q - 5 large rocks
 r - 11 tomahawks (quivered)
 R - 2 poisoned tomahawks
Armour
 c - a +1 hat (worn)
 H - a +0 cloak (worn)
 I - a +0 troll leather armour (worn)
Jewellery
 u - a +4 amulet of reflection
 x - a +3 ring of protection
 y - an uncursed amulet of the gourmand
 A - a +4 ring of protection (right hand)
 S - an amulet of faith (around neck)
 T - a ring of protection from magic (left hand)
 Y - an uncursed ring of see invisible
Wands
 g - a wand of flame (9/48)
 w - a wand of digging (17/24)
 C - a wand of digging (14/24)
 E - a wand of disintegration (8/24)
 P - a wand of lightning (2/15)
 X - a wand of iceblast (0/15)
Scrolls
 e - 2 scrolls of amnesia
 i - a scroll of enchant armour
 j - 5 scrolls of remove curse
 k - 2 scrolls of teleportation
 n - 2 scrolls of blinking
 o - a scroll of recharging
 p - 2 scrolls of immolation
 K - a scroll of enchant weapon {unknown}
 O - 2 scrolls of summoning {unknown}
 Q - a scroll of holy word {unknown}
 U - a scroll of vulnerability {unknown}
 V - a scroll of identify
Potions
 m - 2 potions of might {unknown}
 s - 2 potions of curing
 t - a potion of haste
 v - 3 potions of resistance
 D - a potion of cancellation
 G - 3 potions of invisibility
 J - a potion of berserk rage
 L - a potion of flight
 M - a potion of brilliance
 N - 2 potions of agility
 W - a potion of mutation
Books
 z - a book of Callings

   Spells                             Type                      Level
   a - Summon Small Mammal            Summoning                    1
   b - Call Imp                       Summoning                    2
   c - Call Canine Familiar           Summoning                    3
   d - Summon Guardian Golem          Hexes/Summoning              3
   e - Summon Lightning Spire         Summoning/Air                4
   f - Summon Ice Beast               Ice/Summoning                4
 B - a book of the Earth

   Spells                             Type                      Level
   a - Leda's Liquefaction            Hexes/Earth                  4
   b - Bolt of Magma                  Conjuration/Fire/Earth       5
   c - Statue Form                    Transmutation/Earth          6
   d - Iron Shot                      Conjuration/Earth            6
   e - Shatter                        Earth                        9
Comestibles
 b - 4 chunks of flesh
 f - 9 bread rations
 h - 9 meat rations
 l - 7 fruits
 F - 7 royal jellies


   Skills:
 + Level 13.7 Fighting
 * Level 14.0 Polearms
 - Level 2.0 Throwing
 + Level 3.9 Armour
 - Level 3.0 Dodging
 + Level 10.3 Invocations


You had 11 spell levels left.
You didn't know any spells.

Dungeon Overview and Level Annotations

Branches:
Dungeon (10/15)            Temple (1/1) D:4            Lair (3/6) D:10
  Swamp (0/4) Lair:3        Snake (0/4) Lair:3          Orc (1/2) D:10

Altars:
Ashenzari
Cheibriados
Dithmenos
Elyvilon
Fedhas
Gozag
Hepliaklqana
Kikubaaqudgha
Makhleb
Nemelex Xobeh
Okawaru
Qazlal
Ru
Sif Muna
Trog
Uskayaw
Vehumet
Wu Jian
Xom
Yredelemnul
Zin
The Shining One

Shops:
D:5 :=?   D:9 :   Orc:1 %(


Innate Abilities, Weirdness & Mutations

You are too large for most types of armour.
You have tough skin. (AC +1)
You have large cloven feet.
You are partially covered in molten scales. (AC +2)
You are partially covered in thin metallic scales. (AC +2)
You are dopey. (Int -2)
Your system is resistant to poisons. (rPois)
Your muscles are strong. (Str +2)


Message History

You kick the salamander mystic, but do no damage.
The salamander mystic is severely wounded.
The salamander hits you from afar with a spear.
* * * LOW HITPOINT WARNING * * *
You are engulfed in flames!
* * * LOW HITPOINT WARNING * * *
The salamander closely misses you.
The salamander mystic casts a spell at the salamander.
The salamander seems to speed up.
You feel agile all of a sudden.
The salamander hits you from afar with a spear.
* * * LOW HITPOINT WARNING * * *
You are engulfed in flames!
* * * LOW HITPOINT WARNING * * *
Your salamander zombie hits the salamander mystic but does no damage.
The salamander barely misses you.
The salamander mystic points at you and mumbles some strange words.
The bolt of magma hits you!
You die...
Your body rises from the dead as a mindless zombie. ##≈≈ §≈$## ##.§§ [§..## #..§§ §(.%.# ##.§. ∩)$.# ##.. ...# #..
NN#

#∩. ###N# #.. #.@Z##
#.###### ##.
##...#...##....##.#
##......§§.§§....##
##.....≈≈≈§§§....#.#
##....§§§§≈§§§§≈.....
##....≈§§≈§§§§§§§≈....
#..(.≈≈§§§§≈§§§≈≈....#
#....≈≈≈≈§§§≈§§§§≈....
####....§≈§§≈≈≈≈§§≈.....#


You could see a salamander mystic, 2 salamanders and a friendly salamander
zombie.

Vanquished Creatures
  2 hydras
  2 two-headed ogres
  Sonja (D:10)
  A hell knight (Volcano)
  3 black mambas
  2 salamanders (Volcano)
  2 spiny frogs (Lair:2)
  A komodo dragon (Lair:2)
  2 trolls
  2 hippogriffs
  3 blink frogs (Lair:2)
  2 wraiths (D:10)
  15 yaks
  3 fire bats (Lair:3)
  A basilisk (Lair:2)
  Menkaure (D:6)
  4 porcupines
  2 water moccasins
  2 necrophages
  6 sky beasts
  An ice beast (D:10)
  8 orc warriors
  3 ogres
  12 wolves
  5 centaurs
  9 crocodiles
  A big kobold (D:8)
  7 bullfrogs
  2 scorpions
  4 howler monkeys
  3 wights (D:10)
  3 crimson imps
  A bullfrog zombie (D:10)
  A quasit (D:9)
  4 hounds
  Crazy Yiuf (D:7)
  A jelly (D:9)
  6 orc priests
  7 orc wizards
  Natasha (thrice) (D:2 D:4)
  7 worker ants
  A hound zombie (D:9)
  A hound skeleton (D:4)
  2 worker ant zombies
  Robin (D:2)
  6 gnolls
  A howler monkey skeleton (D:7)
  12 adders
  A shadow imp (D:6)
  An ooze (D:5)
  An adder skeleton (D:9)
  An adder zombie (D:5)
  3 worms
  12 dart slugs
  5 leopard geckos
  44 orcs
  3 giant cockroaches
  17 goblins
  8 hobgoblins
  2 jackals (D:1)
  7 quokkas
  2 ball pythons (D:3)
  4 bats
  4 frilled lizards
  9 kobolds
  10 rats
304 creatures vanquished.

Vanquished Creatures (collateral kills)
  The ghost of zag the Spear-Bearer, a journeyman NaWz of Okawaru (Orc:1)
  Snorg (D:10)
  A two-headed ogre (D:9)
  2 komodo dragons
  2 yaks (D:10)
  An eye of draining (D:10)
  An ogre (D:9)
  3 wolves (Lair:1)
  A bullfrog (Lair:1)
  3 orcs
  4 kobolds (D:8)
  A fungus (Lair:2)
  A plant (Lair:3)
22 creatures vanquished.

Vanquished Creatures (others)
  2 two-headed ogre zombies
  A blink frog zombie (Lair:2)
  A water moccasin zombie (Lair:2)
  2 yak zombies
  A bullfrog zombie (Lair:2)
  A porcupine zombie (Lair:2)
  An ogre zombie (Orc:1)
  7 orc zombies (Orc:1)
16 creatures vanquished.

Grand Total: 342 creatures vanquished

Notes
Turn   | Place    | Note
-------+----------+-------------------------------------------
     0 | D:1      | DevlanMud the Ogre Gladiator began the quest for the Orb.
     0 | D:1      | Reached XP level 1. HP: 22/22 MP: 1/1
   197 | D:1      | Reached XP level 2. HP: 28/31 MP: 2/2
   843 | D:2      | Reached XP level 3. HP: 35/39 MP: 3/3
  1044 | D:2      | Noticed Robin
  1124 | D:2      | Killed Robin
  1635 | D:2      | Reached XP level 4. HP: 49/49 MP: 4/4
  1651 | D:2      | Reached skill level 4 in Polearms
  1780 | D:2      | Noticed Natasha
  1788 | D:2      | Killed Natasha
  1788 | D:2      | Reached skill level 5 in Fighting
  2179 | D:3      | Found a glowing silver altar of Zin.
  2179 | D:3      | Noticed a sky beast
  2262 | D:3      | Reached XP level 5. HP: 57/57 MP: 5/5
  2264 | D:3      | Gained mutation: You are clumsy. (Dex -2) [potion of mutation]
  2264 | D:3      | Gained mutation: Armour fits poorly on your strangely shaped body. [potion of mutation]
  2264 | D:3      | Gained mutation: You have large cloven feet. [potion of mutation]
  2264 | D:3      | Gained mutation: Your system is resistant to poisons. (rPois) [potion of mutation]
  3411 | D:4      | Reached XP level 6. HP: 32/68 MP: 6/6
  3633 | D:4      | Noticed Natasha
  3640 | D:4      | Killed Natasha
  3668 | D:4      | Noticed Natasha
  3674 | D:4      | Killed Natasha
  4031 | D:4      | Found a staircase to the Ecumenical Temple.
  4053 | Temple   | Entered the Ecumenical Temple
  4105 | Temple   | Became a worshipper of Yredelemnul the Dark
  4134 | D:4      | Reached skill level 5 in Polearms
  4706 | D:5      | Entered Level 5 of the Dungeon
  4716 | D:5      | Noticed a sky beast
  4740 | D:5      | Killed a sky beast
  4740 | D:5      | Reached skill level 1 in Invocations
  4740 | D:5      | Reached XP level 7. HP: 56/78 MP: 7/7
  4785 | D:5      | Gained mutation: Your muscles are strong. (Str +2) [mutagenic meat]
  4786 | D:5      | Gained mutation: You are dopey. (Int -2) [mutagenic meat]
  5087 | D:5      | Found Fustraoko's Jewellery Emporium.
  5109 | D:5      | HP: 3/79 [something (5)]
  5119 | D:5      | Reached skill level 6 in Polearms
  5122 | D:5      | Gained mutation: You are partially covered in molten scales. (AC +2) [mutagenic meat]
  5124 | D:5      | Gained mutation: You are partially covered in thin metallic scales. (AC +2) [mutagenic meat]
  5125 | D:5      | Lost mutation: You are clumsy. (Dex -2) [mutagenic meat]
  5126 | D:5      | Lost mutation: Armour fits poorly on your strangely shaped body. [mutagenic meat]
  5129 | D:5      | Bought a cursed amulet of inaccuracy for 26 gold pieces
  5445 | D:5      | Found Leck's Magic Scroll Shoppe.
  5450 | D:5      | Bought a scroll of remove curse for 39 gold pieces
  5574 | D:5      | Found Arrairasu's Book Shoppe.
  6019 | D:6      | Reached XP level 8. HP: 86/88 MP: 9/9
  6056 | D:6      | Noticed Menkaure
  6069 | D:6      | Killed Menkaure
  6069 | D:6      | Reached skill level 7 in Polearms
  6074 | D:6      | Reached skill level 1 in Armour
  6494 | D:6      | Reached * piety under Yredelemnul
  6911 | D:3      | Got a crystal halberd
  6912 | D:3      | Identified the +10 halberd of Xom {flame, Str+5} (You found it on level 3 of the Dungeon)
  7505 | D:7      | Reached skill level 8 in Polearms
  7505 | D:7      | Reached XP level 9. HP: 96/98 MP: 12/12
  7811 | D:7      | Found a runed door.
  7815 | D:7      | Noticed Crazy Yiuf
  7819 | D:7      | Killed Crazy Yiuf
  8228 | D:8      | Reached skill level 5 in Invocations
  8235 | D:8      | Reached skill level 9 in Polearms
  8810 | D:8      | Reached skill level 10 in Fighting
  8988 | D:9      | Found Etoemikk's Book Boutique.
  9005 | D:9      | Reached ** piety under Yredelemnul
  9043 | D:9      | Noticed a two-headed ogre
  9052 | D:9      | Killed a two-headed ogre
  9052 | D:9      | Reached skill level 10 in Polearms
  9052 | D:9      | Reached XP level 10. HP: 74/111 MP: 14/14
  9298 | D:9      | Noticed a two-headed ogre
  9302 | D:9      | Killed a two-headed ogre
  9467 | D:10     | Entered Level 10 of the Dungeon
  9512 | D:10     | Noticed a two-headed ogre
  9516 | D:10     | Killed a two-headed ogre
  9516 | D:10     | Reached skill level 11 in Polearms
  9660 | D:10     | Found a staircase to the Lair.
  9662 | D:10     | Noticed Sonja
  9677 | D:10     | Killed Sonja
  9677 | D:10     | Reached XP level 11. HP: 50/123 MP: 15/17
 10163 | D:10     | Found a staircase to the Orcish Mines.
 10271 | D:10     | Reached *** piety under Yredelemnul
 10378 | D:10     | Noticed Snorg
 10387 | D:10     | Killed Snorg
 10387 | D:10     | Reached skill level 12 in Polearms
 10815 | Orc:1    | Entered Level 1 of the Orcish Mines
 11006 | Orc:1    | Found Tamaso's Weapon Boutique.
 11028 | Orc:1    | Noticed zag's ghost (journeyman NaWz)
 11060 | Orc:1    | Killed zag's ghost
 11104 | Orc:1    | Found Ezasashra's Food Shoppe.
 11289 | Orc:1    | HP: 4/124 [orc warrior/flail[an orc warlord] (7)]
 11631 | Lair:1   | Entered Level 1 of the Lair of Beasts
 11666 | Lair:1   | Reached **** piety under Yredelemnul
 11841 | Lair:1   | Reached skill level 13 in Polearms
 11938 | Lair:1   | Noticed a five-headed hydra
 11948 | Lair:1   | Killed a one-headed hydra
 11974 | Lair:1   | Reached XP level 12. HP: 131/133 MP: 18/18
 12624 | Lair:2   | Noticed an eight-headed hydra
 12630 | Lair:2   | Killed a five-headed hydra
 12642 | Lair:2   | Received a gift from Yredelemnul (a wight)
 12645 | Lair:2   | Reached skill level 10 in Invocations
 13294 | Lair:3   | Found a dark tunnel.
 13303 | Volcano  | Entered a volcano
 13371 | Volcano  | Reached skill level 14 in Polearms
 13420 | Volcano  | HP: 2/137 [salamander/spear (10)]
 13420 | Volcano  | Killed from afar by a salamander mystic

Vault maps used:
D:1:      scummos_arrival_star
D:2:      uniq_robin, uniq_natasha
D:3:      gammafunk_temple_overflow_arena, first_bread, hangedman_decor_growths
D:4:      kennysheep_slugbush, minmay_temple_entry_purple_smoke
D:5:      serial_shops, nicolae_shop_competitors_out_of_business,
          kennysheep_little_box, shop
D:6:      lemuel_flamethrower_2, uniq_menkaure
D:7:      uniq_crazy_yiuf_cottage
D:9:      serial_shops, shop_statue, grunt_ogre_cave
D:10:     lair_entry_dummy, david_orc_2, glass_columns_a, uniq_snorg, uniq_sonja
Temple:   nicolae_temple_the_god_donut
Lair:3:   swamp_mist, guppyfry_snake_entry_island, basic_altar,
          nicolae_volcano_entry_batcave, uniq_rupert
Orc:1:    basic_altar, serial_shops, nicolae_shop_behind_doors, shop
Volcano:  volcano_pools

Skill      XL: |  1  2  3  4  5  6  7  8  9 10 11 12 |
---------------+-------------------------------------+-----
Fighting       | 3 4 5 6 7 8 9 10 11 12 13 | 13.7
Polearms       | 4 5 6 8 10 11 13 14 | 14.0
Invocations    | 1 2 4 6 8 9 10 | 10.3
Armour         | 2 3 |  3.9
Dodging        | 3 |  3.0
Throwing       | |  2.0

Action                   |  1- 3 |  4- 6 |  7- 9 | 10-12 || total
-------------------------+-------+-------+-------+-------++-------
Melee: Trident           |   128 |   247 |   176 |       ||   551
       Kick              |       |    37 |    60 |    80 ||   177
       Halberd           |       |       |    90 |   359 ||   449
Invok: Animate Remains   |       |       |     4 |     4 ||     8
       Animate Dead      |       |       |       |    13 ||    13
       Injury Mirror     |       |       |       |     2 ||     2
Evoke: Wand              |       |       |     6 |     2 ||     8
       Phantom mirror    |       |       |       |     1 ||     1
  Use: Potion            |     2 |     5 |     4 |     2 ||    13
       Scroll            |       |     4 |     7 |    11 ||    22
 Stab: Sleeping          |     1 |       |       |       ||     1
       Distracted        |       |       |       |     5 ||     5
  Eat: Chunk             |     2 |     9 |    20 |    19 ||    50
       Fruit             |       |     2 |     2 |     1 ||     5
Armor: Robe              |    25 |    30 |    80 |    63 ||   198
       Skin              |    15 |     8 |       |       ||    23
       Troll leather arm |       |       |       |    44 ||    44
Dodge: Dodged            |    52 |    95 |    89 |    96 ||   332
Block: Other             |       |     5 |    33 |    30 ||    68
       Reflection        |       |       |       |     1 ||     1
